 Dungeon Crawl Stone Soup version 0.29.1-15-g9cfb28693d (webtiles) character file.

Game seed: 11744159405623413155

234 javelincjr the Magician (level 6, 0/40 HPs)
             Began as a Djinni Conjurer on Feb 24, 2023.
             Slain by an iguana (12 damage)
             ... on level 3 of the Dungeon.
             The game lasted 00:06:42 (3270 turns).

javelincjr the Magician (Djinni Conjurer)           Turns: 3270, Time: 00:06:42

Health: 0/40       AC:  2    Str:  8    XL:     6   Next: 26%
Gold:   116        EV: 13    Int: 19    God:
                   SH:  0    Dex: 12

rFire   + + .      SeeInvis .   m - +1 halberd (vamp)
rCold   x . .      Faith    .   (shield currently unavailable)
rNeg    . . .      Spirit   .   a - +0 robe
rPois   ∞          Reflect  .   (no helmet)
rElec   .          Harm     .   (no cloak)
rCorr   .          Rampage  .   (no gloves)
Will    .....                   (boots unavailable)
Stlth   ++........              (no amulet)
HPRegen 0.13/turn               (no ring)
MPRegen 0.00/turn               (no ring)

@: flying
A: sickness immunity, fire resistance 2, cold vulnerability 1, float, innate
caster, HP casting, extra vitality 1
a: no special abilities


You were on level 3 of the Dungeon.
You visited 1 branch of the dungeon, and saw 3 of its levels.

You collected 116 gold pieces.

Inventory:

Hand Weapons
 m - a +1 vampiric halberd (weapon)
Armour
 a - a +0 robe (worn)
 j - a +0 ring mail of cold resistance
Magical Staves
 d - a staff of death
Wands
 r - a wand of flame (8)
Scrolls
 b - 6 scrolls of identify {unknown}
 e - a scroll of immolation {unknown}
 f - 3 scrolls of blinking {unknown}
 h - a scroll of vulnerability {unknown}
 l - a scroll of summoning {unknown}
 p - a scroll of torment {unknown}
 q - 2 scrolls of fear {unknown}
Potions
 c - 2 potions of mutation {unknown}
 g - 2 potions of curing {unknown}
 i - 2 potions of heal wounds {unknown}
 k - a potion of flight {unknown}
 n - a potion of attraction {unknown}
 o - a potion of might {unknown}
 s - a potion of brilliance {unknown}
 t - a potion of berserk rage {unknown}


   Skills:
 + Level 4.1 Dodging
 + Level 3.3 Stealth
 + Level 4.1 Spellcasting


You couldn't memorise any spells.
You knew the following spells:

 Your Spells              Type           Power      Damage    Failure   Level
a - Magic Dart            Conj           76%        1d6       2%          1
b - Searing Ray           Conj           38%        2d5       3%          2
c - Dazzling Flash        Conj/Hex       38%        N/A       8%          3
d - Fulminant Prism       Conj/Hex       9%         3d7       24%         4
e - Iskenderun's Mystic   Conj/Tloc      19%        2d6       24%         4
f - Beastly Appendage     Tmut           38%        N/A       2%          1
g - Ensorcelled Hibernat  Hex/Ice        38%        N/A       3%          2
Your spell library was empty.

Dungeon Overview and Level Annotations

Branches:
Dungeon (3/15)

Altars:
Xom


Innate Abilities, Weirdness & Mutations

You are immune to sickness and miasma.
You are immune to poison.
Your flesh is very heat resistant. (rF++)
You are vulnerable to cold. (rC-)
You float through the air rather than walking.
You learn spells naturally, not from books.
Your magical power is your life essence.
You have superior vitality. (+4 MHP)


Message History

An iguana comes into view.
You miscast Magic Dart.
You are very lightly contaminated with residual magic.
Nothing appears to happen.
The magic dart hits the iguana.
The iguana is lightly wounded.
The magic dart hits the iguana but does no damage.
The iguana is lightly wounded.
The magic dart hits the iguana but does no damage.
The iguana is lightly wounded.
The magic dart hits the iguana.
The iguana is moderately wounded.
The iguana barely misses you.
Casting: Magic Dart (safe; 2% risk of failure)
Confirm with . or Enter, or press ? or * to list all spells.
Aiming: Searing Ray (safe; 3% risk of failure)
Press: ? - help, Shift-Dir - straight line, f/p - iguana
Aim: an iguana (moderately wounded, 81% to hit)
The searing ray hits the iguana!
The iguana is almost dead. (Press . to maintain the ray.)
The iguana closely misses you.
The searing ray misses the iguana.
The iguana bites you.
Your magical contamination has completely faded away.
The searing ray misses the iguana.
The iguana barely misses you.
The searing ray misses the iguana.
You finish channelling your searing ray.
The iguana bites you!
* * * LOW HITPOINT WARNING * * *
The iguana misses you.
Casting: Searing Ray (safe; 3% risk of failure)
Confirm with . or Enter, or press ? or * to list all spells.
Aiming: Magic Dart (safe; 2% risk of failure)
Press: ? - help, Shift-Dir - straight line, f/p - iguana
Aim: an iguana (almost dead, 100% to hit)
The magic dart hits the iguana but does no damage.
The iguana is almost dead.
* * * LOW HITPOINT WARNING * * *
The iguana bites you!
You die...

##.#####...####
#.# #
#.[.)..##.....#
#.# #
#..###.##[....#
#.#
#..###.##.....#
#.#
#.............#
#.####.#......#
#. #......### #.
#.#....# #.
...##.#@#
######.#.l......
#.######### #.#
#.# #.# #.# #.#
#.#


You could see an iguana.

Vanquished Creatures
  A scorpion (D:3)
  Terence (D:2)
  Jessica (D:3)
  3 adders
  4 gnolls (D:2)
  An ufetubus (D:3)
  A dart slug (D:3)
  3 orcs (D:3)
  10 endoplasms
  2 giant cockroaches
  7 goblins
  3 hobgoblins
  A quokka (D:2)
  4 ball pythons
  2 bats
  3 frilled lizards
  A kobold (D:2)
  A rat (D:2)
49 creatures vanquished.

Vanquished Creatures (others)
  A fulminant prism (D:2)
1 creature vanquished.

Grand Total: 50 creatures vanquished

Notes
Turn   | Place    | Note
-------+----------+-------------------------------------------
     0 | D:1      | javelincjr the Djinni Conjurer began the quest for the Orb.
     0 | D:1      | javelincjr set off with the following spells memorised:
                  | Magic Dart, Searing Ray, Dazzling Flash, Fulminant Prism,
                  | Iskenderun's Mystic Blast.
     0 | D:1      | Reached XP level 1. HP: 15/15 MP: 0/0
   245 | D:1      | Reached XP level 2. HP: 17/21 MP: 0/0
   980 | D:2      | Reached XP level 3. HP: 17/25 MP: 0/0
   980 | D:2      | Learned a level 1 spell: Beastly Appendage
  1164 | D:2      | Noticed Terence
  1171 | D:2      | Killed Terence
  1172 | D:2      | Reached XP level 4. HP: 21/31 MP: 0/0
  1820 | D:2      | Reached XP level 5. HP: 23/35 MP: 0/0
  1820 | D:2      | Learned a level 2 spell: Ensorcelled Hibernation
  2126 | D:2      | Found a shimmering altar of Xom.
  2982 | D:3      | Reached XP level 6. HP: 22/40 MP: 0/0
  3222 | D:3      | Noticed Jessica
  3228 | D:3      | Killed Jessica
  3270 | D:3      | Slain by an iguana

Illustrated notes

Levels and vault maps discovered:
D:1:      spicycebolla_arrival_ecumenical, layout_loops_ring, serial_glass,
          glass_columns_a, glass_columns_a, minivault_27
D:2:      layout_rooms, basic_altar, minmay_strange_pillars, uniq_terence
D:3:      layout_loops_corners, uniq_jessica

Skill      XL: |  1  2  3  4  5 |
---------------+----------------+-----
Stealth        | 2 3 |  3.3
Dodging        | 3 4 |  4.1
Spellcasting   | 4 |  4.1

Action                   |  1- 3 |  4- 6 || total
-------------------------+-------+-------++-------
Melee: Halberd           |       |     9 ||     9
 Cast: Magic Dart        |    33 |    73 ||   106
       Searing Ray       |     1 |     3 ||     4
       Fulminant Prism   |       |     1 ||     1
Armor: Robe              |       |     2 ||     2
Dodge: Dodged            |       |    19 ||    19
